 Dungeon Crawl Stone Soup version 0.17.0-28-g6e173f8 (console) character file.

240 Kloppie the Slasher (level 5, 0/39 HPs)
             Began as a High Elf Fighter on Nov 30, 2015.
             Slain by an orc wizard
             ... wielding a +2 dagger of draining
              (2 damage)
             ... on level 4 of the Dungeon.
             The game lasted 00:04:22 (3031 turns).

Kloppie the Slasher (High Elf Fighter)              Turns: 3031, Time: 00:04:22

Health: 0/39       AC:  7    Str: 15    XL:     5   Next: 79%
Magic:  6/6        EV:  6    Int: 14    God:
Gold:   152        SH:  7    Dex: 16    Spells: 0 memorised, 4 levels left

rFire  + . .     SeeInvis .     a - +0 long sword
rCold  . . .     Clarity  .     b - +0 scale mail
rNeg   . . .     SustAt   .     c - +0 shield
rPois  .         Gourm    .     p - +0 helmet
rElec  .         Spirit   .     (no cloak)
rCorr  .         Warding  .     (no gloves)
rMut   .         Stasis   .     (no boots)
MR     .....                    (no amulet)
Stlth  ..........               t - +3 ring of intelligence
                                A - ring of protection from fire

@: very heavily drained, not resistant to hostile enchantments, extremely
unstealthy
A: no striking features
a: no special abilities


You were on level 4 of the Dungeon.
You were not hungry.

You visited 1 branch of the dungeon, and saw 4 of its levels.

You collected 152 gold pieces.

Inventory:

Hand Weapons
 a - a +0 long sword (weapon)
Armour
 b - a +0 scale mail (worn)
 c - a +0 shield (worn)
 p - a +0 helmet (worn)
Jewellery
 r - a +3 ring of strength
 t - a +3 ring of intelligence (right hand)
 x - an uncursed ring of flight
 A - a ring of protection from fire (left hand)
Wands
 v - a wand of enslavement (15)
 y - a wand of invisibility (2)
Scrolls
 g - a scroll of fear {unknown}
 h - 2 scrolls of teleportation {unknown}
 j - 2 scrolls of recharging {unknown}
 m - 3 scrolls of remove curse {unknown}
 n - a scroll of enchant armour {unknown}
 q - 4 scrolls of identify {unknown}
 u - a scroll of fog {unknown}
Potions
 d - 3 potions of might
 i - 2 potions of haste {unknown}
 k - 2 potions of agility {unknown}
 o - a potion of heal wounds {unknown}
 s - a potion of cure mutation {unknown}
 w - 2 potions of curing {unknown}
Comestibles
 e - 2 bread rations
 f - a beef jerky
 l - 3 meat rations
 z - 3 fruits


   Skills:
 + Level 5.1(0.0) Fighting
 + Level 5.5(0.3) Long Blades
 - Level 2.6(0.0) Armour
 - Level 2.6(0.0) Shields


You had 4 spell levels left.
You didn't know any spells.

Dungeon Overview and Level Annotations

Branches:
Dungeon (4/15)
 Temple: D:4-7

Altars:
Qazlal


Message History

You feel drained. Something hits you but does no damage.
You feel drained.
You miss something. Something hits you.
* * * LOW HITPOINT WARNING * * *
You feel drained. Something hits you.
* * * LOW HITPOINT WARNING * * *
You feel drained.
* * * LOW HITPOINT WARNING * * *
You closely miss something. Something hits you but does no damage.
You feel drained. Something hits you.
* * * LOW HITPOINT WARNING * * *
You feel drained. Something hits you but does no damage.
You feel drained.
You miss something. Something hits you but does no damage.
You feel drained. Something hits you.
* * * LOW HITPOINT WARNING * * *
You feel drained.
* * * LOW HITPOINT WARNING * * *
You miss something. Something hits you.
* * * LOW HITPOINT WARNING * * *
You feel drained.
You die...

### ..# ## #.# . #.#
#.#.# #.#.# # #...# .#
#
#.#.###########.##.(#.#
#....o{@$.$........<..#
....##########..##.####
# #.......... #
#<...#.....
#.##.#.######
#.............
#######.#.#######
........#...
#######.#####


You could see an orc.

Vanquished Creatures
  3 orc wizards
  4 adders
  3 oozes
  A worm (D:2)
  2 giant geckos (D:1)
  24 orcs (D:3)
  8 bats
  2 giant cockroaches
  7 hobgoblins
  7 jackals
  5 kobolds
  A quokka (D:3)
  A ball python (D:2)
  A giant newt (D:3)
  6 goblins
  3 rats
78 creatures vanquished.

Notes
Turn   | Place    | Note
--------------------------------------------------------------
     0 | D:1      | Kloppie the High Elf Fighter began the quest for the Orb.
     0 | D:1      | Reached XP level 1. HP: 16/16 MP: 2/2
   277 | D:1      | Reached XP level 2. HP: 19/21 MP: 3/3
   921 | D:2      | Reached XP level 3. HP: 19/27 MP: 4/4
  1497 | D:2      | Reached skill level 4 in Long Blades
  1609 | D:2      | Reached XP level 4. HP: 29/33 MP: 5/5
  2145 | D:3      | Found a stormy altar of Qazlal.
  2201 | D:3      | Reached XP level 5. HP: 36/38 MP: 6/6
  2218 | D:3      | Reached skill level 5 in Long Blades
  3019 | D:4      | Reached skill level 5 in Fighting
  3031 | D:4      | Slain by an orc wizard

Action                   |  1- 3 |  4- 6 || total
-------------------------+-------+-------++-------
Melee: Long sword        |   114 |   171 ||   285
  Eat: Chunk             |     2 |     5 ||     7
